 Dungeon Crawl Stone Soup version 0.15.1-4-gac8487e (webtiles) character file.

144 Nicoed the Digger (level 5, -3/42 HPs)
             Began as a Deep Dwarf Earth Elementalist on Oct 13, 2014.
             Killed by miscasting Lee's Rapid Deconstruction (36 damage)
             ... on Level 4 of the Dungeon.
             The game lasted 00:20:25 (2596 turns).

Nicoed the Digger (Deep Dwarf Earth Elementalist)   Turns: 2596, Time: 00:20:25

HP  -3/42        AC  0     Str 12      XL: 5   Next:  5%
MP   6/11        EV 13     Int 16      God:
Gold 186         SH  0     Dex 13      Spells:  2 memorised,  4 levels left

rFire  . . .     SeeInvis .     i - +4 dagger (speed)
rCold  . . .     Clarity  .     n - -2 robe (curse)
rNeg   . . .     rCorr    .     (no shield)
rPois  .         rRot     .     (no helmet)
rElec  .         Spirit   .     (no cloak)
SustAb .         Warding  .     (no gloves)
rMut   .         Stasis   .     (no boots)
Gourm  .                        (no amulet)
MR     .....                    (no ring)
                                (no ring)

@: very slightly contaminated, non-regenerating, not resistant to hostile
enchantments, unstealthy
A: damage resistance, recharge devices, sense surroundings 1, slow healing 3
a: Device Recharging


You were on level 4 of the Dungeon.
You were very full.

You visited 1 branch of the dungeon, and saw 4 of its levels.

You collected 186 gold pieces.

Inventory:

Hand weapons
 f - a +0 hunting sling of evasion
 i - a +4 dagger of speed (weapon)
Missiles
 b - 109 stones (quivered)
 r - 17 bolts
Armour
 c - a +0 robe
 n - a cursed -2 robe (worn)
 s - a +0 robe
Magical devices
 a - a wand of heal wounds (2)
Comestibles
 g - 2 meat rations
Scrolls
 e - 2 scrolls of recharging
 h - a scroll of magic mapping
 j - a scroll of identify
 m - a scroll of fear
Jewellery
 q - an uncursed amulet of guardian spirit
Potions
 k - 2 potions of haste
 l - a potion of resistance
 o - a potion of might {unknown}
 p - a potion of heal wounds {unknown}
Books
 d - a book of Geomancy

   Spells                             Type                      Level
   *Sandblast                         Earth                        1
   Stoneskin                          Transmutation/Earth          2
   Passwall                           Transmutation/Earth          3
   Stone Arrow                        Conjuration/Earth            3
   Petrify                            Transmutation/Earth          4
   *Lee's Rapid Deconstruction        Earth                        5


   Skills:
 - Level 1.0 Throwing
 + Level 3.2 Dodging
 - Level 2.4 Stealth
 + Level 3.3 Spellcasting
   Level 0.8 Transmutations
 * Level 5.0 Earth Magic


You had 4 spell levels left.
You knew the following spells:

 Your Spells              Type           Power        Failure   Level  Hunger
a - Sandblast             Erth           ###...       2%          1    None
b - Lee's Rapid Deconstr  Erth           ###.......   75%         5    #####..


Dungeon Overview and Level Annotations

Branches:
Dungeon (4/15)
 Temple: D:4-7

Altars:
Cheibriados
Nemelex Xobeh

Annotations:
D:4 Heini's ghost, average MiFi


Innate Abilities, Weirdness & Mutations

You are resistant to damage.
You can recharge devices by infusing magical energy.
You passively map a small area around you.
You do not heal naturally.


Message History

You kill the ball python!
Unknown command.
Found a stone staircase leading up.
b - 109 stones (gained 1)
Found a glowing hunting sling.
You see here a glowing hunting sling.
f - a glowing hunting sling Heini's ghost (average Minotaur Fighter) comes into view.
Heini's ghost moves out of view.
An adder comes into view.
Casting: Sandblast
Confirm with . or Enter, or press ? or * to list all spells.
Aiming: Lee's Rapid Deconstruction
Press: ? - help, Dir - move target cursor You miscast Lee's Rapid Deconstruction.
You are very lightly contaminated with residual magic.
You are caught in an explosion of flying shrapnel!
The explosion engulfs you!
Ouch! That really hurt!
You die...

* .### #....
#.... #....
##...S##
,......## .
#....#####..
*#.@........#
##.........#
##........#
##........#
#..........
##..........
*
##....####..
##...### . ,
## ##...##


You could see an adder.

Vanquished Creatures
  Ijyb (D:2)
  5 adders
  A worm zombie (D:3)
  A giant mite (D:2)
  2 worms (D:3)
  An adder zombie (D:3)
  A giant gecko (D:2)
  An ooze (D:2)
  2 orcs (D:3)
  7 goblins
  5 hobgoblins
  3 quokkas
  A ball python (D:4)
  5 giant cockroaches
  A giant cockroach zombie (D:3)
  8 kobolds
  An orc zombie (D:3)
  5 rats
  A rat zombie (D:3)
52 creatures vanquished.

Notes
Turn   | Place    | Note
--------------------------------------------------------------
     0 | D:1      | Nicoed, the Deep Dwarf Earth Elementalist, began the quest for the Orb.
     0 | D:1      | Reached XP level 1. HP: 15/15 MP: 2/2
   272 | D:1      | Reached XP level 2. HP: 19/22 MP: 0/4
   765 | D:2      | Noticed Ijyb
   783 | D:2      | Killed Ijyb
   783 | D:2      | Reached XP level 3. HP: 14/28 MP: 0/6
   825 | D:2      | Found a sparkling altar of Nemelex Xobeh.
   867 | D:2      | Found a snail-covered altar of Cheibriados.
  1384 | D:2      | Reached XP level 4. HP: 10/36 MP: 2/8
  1667 | D:3      | Reached skill level 1 in Throwing
  2360 | D:3      | Reached skill level 5 in Earth Magic
  2360 | D:3      | Reached XP level 5. HP: 11/42 MP: 3/11
  2379 | D:3      | Learned a level 5 spell: Lee's Rapid Deconstruction
  2593 | D:4      | Noticed Heini's ghost (average MiFi)
  2596 | D:4      | Killed by miscasting Lee's Rapid Deconstruction

Action                   |  1- 3 |  4- 6 || total
-------------------------+-------+-------++-------
Melee: Unarmed           |     9 |       ||     9
       Dagger            |    21 |    31 ||    52
Throw: Stone             |    43 |    63 ||   106
 Cast: Sandblast         |    53 |    45 ||    98
Evoke: Wand              |       |     3 ||     3
  Use: Scroll            |       |     5 ||     5
  Eat: Bread ration      |     1 |     2 ||     3
